 Dungeon Crawl Stone Soup version 0.18.1-50-g88ac8fd (webtiles) character file.

1640 Gianozzolo the Transmogrifier (level 8, -9/59 HPs)
             Began as a Purple Draconian Transmuter on Nov 30, 2017.
             Was a Believer of Makhleb.
             Mangled by an orc warrior
             ... wielding a +4 short sword of protection
              (16 damage)
             ... on level 6 of the Dungeon.
             The game lasted 00:13:41 (6186 turns).

Gianozzolo the Transmogrifier (DrTm)                Turns: 6186, Time: 00:13:43

Health: -9/59      AC:  2    Str: 14    XL:     8   Next: 66%
Magic:  9/13       EV: 14    Int: 15    God:    Makhleb [**....]
Gold:   311        SH:  0    Dex: 16    Spells: 3 memorised, 5 levels left

rFire  . . .     SeeInvis +       - Unarmed
rCold  . . .     Gourm    .     (armour unavailable)
rNeg   . . .     Faith    .     (shield currently unavailable)
rPois  x         Spirit   .     (helmet currently unavailable)
rElec  .         Dismiss  .     (cloak currently unavailable)
rCorr  .         Reflect  .     (gloves currently unavailable)
SustAt .         Harm     .     (boots currently unavailable)
MR     +....                    x - amulet of regeneration
Stlth  ++........               y - ring of stealth
                                A - ring of see invisible

@: spider-form (expiring), very slightly contaminated, invisible, somewhat
resistant to hostile enchantments, unstealthy
A: (breathe power), unfitting armour, (cold-blooded), AC +6
a: End Transformation, Minor Destruction, Renounce Religion


You were on level 6 of the Dungeon.
You worshipped Makhleb.
Makhleb was pleased with you.
You were not hungry.
You were a venomous arachnid creature.
You visited 1 branch of the dungeon, and saw 6 of its levels.

You collected 311 gold pieces.

Inventory:

Armour
 t - a +0 pair of boots (melded)
 H - a +1 cloak (melded)
Jewellery
 k - an uncursed amulet of the gourmand
 x - an amulet of regeneration (around neck)
 y - a ring of stealth (right front leg)
 A - a ring of see invisible (left front leg)
Scrolls
 h - 4 scrolls of remove curse
 l - 2 scrolls of recharging {unknown}
 m - 5 scrolls of noise {unknown}
 o - 2 scrolls of fear {unknown}
 s - 3 scrolls of teleportation
 B - a scroll of magic mapping {unknown}
 G - a scroll of enchant weapon {unknown}
 I - a scroll of identify
Potions
 d - 2 potions of mutation
 e - 2 potions of agility
 g - 2 potions of curing
 j - 3 potions of haste
 n - a potion of cancellation
 p - 2 potions of might
 q - 2 potions of lignification
 v - a potion of resistance
 w - a potion of brilliance
 D - 2 potions of flight
Books
 b - a book of Changes

   Spells                             Type                      Level
   a - Beastly Appendage              Transmutation                1
   b - Sticks to Snakes               Transmutation                2
   c - Spider Form                    Transmutation/Poison         3
   d - Ice Form                       Ice/Transmutation            4
   e - Blade Hands                    Transmutation                5
 C - a book of Fire

   Spells                             Type                      Level
   a - Ignite Poison                  Fire/Transmutation/Poison    3
   b - Fireball                       Conjuration/Fire             5
   c - Bolt of Fire                   Conjuration/Fire             6
   d - Delayed Fireball               Conjuration/Fire             7
   e - Ring of Flames                 Charms/Fire                  7
Comestibles
 c - 2 bread rations
 f - a royal jelly
 i - 2 slices of pizza
 r - 4 fruits
 u - a beef jerky
 z - a meat ration
 F - 3 chunks of flesh


   Skills:
 - Level 1.1 Fighting
 - Level 1.7 Dodging
 * Level 7.7 Unarmed Combat
 + Level 3.7 Spellcasting
 - Level 8.0 Transmutations
 - Level 1.5 Poison Magic


You had 5 spell levels left.
You knew the following spells:

 Your Spells              Type           Power        Failure   Level  Hunger
a - Beastly Appendage     Trmt           ####..       4%          1    None
b - Spider Form           Trmt/Pois      ###.......   24%         3    ###....
c - Blade Hands           Trmt           ####......   41%         5    ######.


Dungeon Overview and Level Annotations

Branches:
Dungeon (6/15)
 Temple: D:4-7

Altars:
Cheibriados
Dithmenos
Kikubaaqudgha
Makhleb
Nemelex Xobeh
Ru
Trog
Vehumet
Zin

Annotations:
D:4 Gianozzolo's ghost, amateur DgTm


Innate Abilities, Weirdness & Mutations

((You can breathe bolts of dispelling energy.))
((Your rich purple scales are hard (AC +6).))
Your body does not fit into most forms of armour.
((You are cold-blooded and may be slowed by cold attacks.))


Message History

The orc warrior hits you with a short sword of protection.
You closely miss the orc warrior.
The orc warrior hits you with a short sword of protection!!
* * * LOW HITPOINT WARNING * * *
You are too injured to fight recklessly!
You are too injured to fight recklessly!
Drink which item? (? for menu, Esc to quit)
You feel much better.
The orc warrior hits you with a short sword of protection!!
* * * LOW HITPOINT WARNING * * *
Read which item? (? for menu, Esc to quit)
Okay, then.
Drink which item? (? for menu, Esc to quit)
You fade into invisibility!
The orc warrior closely misses you. The orc priest completely misses you.
Your transformation is almost over.
The orc priest shouts!
There is a stone staircase leading up here.
The orc warrior hits you with a short sword of protection!
You die...

### #.. #.# #.# #.#
######## #.######
.......#######....).####
.......(.....#####....#
?..........o.os..#..#.#
#######............#..#.#
......#...............#.#
#####.#.######.....##.#.#
....#.#.# #####.##.#.#
......#.####### #.##.#.#
......#........ ..##.#.#
............... ..>#.#
..<#.........#. .......


You could see an orc warrior and an orc priest (wandering).

Vanquished Creatures
  Sigmund (D:6)
  Menkaure (D:6)
  An orc warrior (D:6)
  2 ogres
  A giant frog (D:6)
  The ghost of Gianozzolo the Changer, a weakling DrTm (D:3)
  3 howler monkeys
  3 crimson imps
  Crazy Yiuf (D:6)
  3 hounds
  2 jellies (D:6)
  An orc wizard (D:6)
  2 giant frog skeletons (D:6)
  3 iguanas
  Ijyb (D:3)
  Natasha (D:2)
  4 worker ants
  10 gnolls
  5 adders
  A shadow imp (D:6)
  An adder zombie (D:6)
  2 worms (D:2)
  4 dart slugs
  5 giant geckos
  13 orcs
  6 giant cockroaches
  11 goblins
  12 hobgoblins
  4 jackals (D:5)
  10 kobolds
  4 quokkas
  A ball python (D:3)
  7 bats
  9 giant newts
  7 rats
143 creatures vanquished.

Notes
Turn   | Place    | Note
--------------------------------------------------------------
     0 | D:1      | Gianozzolo the Draconian Transmuter began the quest for the Orb.
     0 | D:1      | Reached XP level 1. HP: 16/16 MP: 3/3
   110 | D:1      | Reached XP level 2. HP: 17/23 MP: 3/5
   358 | D:1      | Reached skill level 3 in Transmutations
   477 | D:1      | Reached XP level 3. HP: 28/28 MP: 4/6
   494 | D:1      | Learned a level 3 spell: Spider Form
   909 | D:2      | Noticed a moth of wrath
   912 | D:2      | Found a bloodstained altar of Trog.
  1086 | D:2      | Reached skill level 1 in Poison Magic
  1086 | D:2      | Reached XP level 4. HP: 18/35 MP: 3/7
  1254 | D:2      | Found a glowing silver altar of Zin.
  1375 | D:2      | Noticed Natasha
  1385 | D:2      | Killed Natasha
  1470 | D:2      | Found a snail-covered altar of Cheibriados.
  2198 | D:3      | Noticed Ijyb
  2208 | D:3      | Killed Ijyb
  2208 | D:3      | Reached skill level 4 in Transmutations
  2208 | D:3      | Reached XP level 5. HP: 40/40 MP: 4/8
  2238 | D:3      | Noticed Gianozzolo's ghost (weakling DrTm)
  2866 | D:3      | Found a shadowy altar of Dithmenos.
  3118 | D:4      | Found a burning altar of Makhleb.
  3145 | D:4      | Became a worshipper of Makhleb the Destroyer
  3296 | D:4      | Noticed an ogre
  3297 | D:4      | Reached skill level 5 in Transmutations
  3297 | D:4      | Reached XP level 6. HP: 47/47 MP: 2/9
  3312 | D:4      | Found a sacrificial altar of Ru.
  3526 | D:4      | Reached skill level 5 in Unarmed Combat
  3901 | D:4      | Found an ancient bone altar of Kikubaaqudgha.
  3904 | D:4      | Noticed Gianozzolo's ghost (amateur DgTm)
  4325 | D:3      | Killed Gianozzolo's ghost
  4325 | D:3      | Reached skill level 6 in Transmutations
  4325 | D:3      | Your scales start taking on a rich purple colour.
  4325 | D:3      | Reached XP level 7. HP: 48/52 MP: 6/10
  4423 | D:4      | Learned a level 5 spell: Blade Hands
  4572 | D:5      | Entered Level 5 of the Dungeon
  5152 | D:5      | Found a sparkling altar of Nemelex Xobeh.
  5154 | D:5      | Reached * piety under Makhleb
  5305 | D:5      | Reached skill level 7 in Transmutations
  5599 | D:6      | Noticed Menkaure
  5608 | D:6      | Killed Menkaure
  5626 | D:6      | Reached XP level 8. HP: 48/59 MP: 7/11
  5681 | D:6      | Reached skill level 8 in Transmutations
  5767 | D:6      | Found a radiant altar of Vehumet.
  5868 | D:6      | Noticed Sigmund
  5880 | D:6      | Killed Sigmund
  5888 | D:6      | Reached ** piety under Makhleb
  6060 | D:6      | Noticed Crazy Yiuf
  6070 | D:6      | Killed Crazy Yiuf
  6177 | D:6      | HP: 2/59 [orc warrior/short sword of protection (18)]
  6186 | D:6      | Mangled by an orc warrior

Skill      XL: |  1  2  3  4  5  6  7  8 |
---------------+-------------------------+-----
Transmutations | 3 4 5 6 7 8 |  8.0
Poison Magic   | 1 |  1.5
Unarmed Combat | 4 5 6 7 |  7.7
Spellcasting   | 3 |  3.7
Fighting       | |  1.1
Dodging        | |  1.7

Action                   |  1- 3 |  4- 6 |  7- 9 || total
-------------------------+-------+-------+-------++-------
Melee: Unarmed           |   132 |   184 |   193 ||   509
       Headbutt          |     5 |       |     1 ||     6
       Tailslap          |     9 |     7 |     3 ||    19
       Kick              |     5 |       |       ||     5
       Punch             |     1 |     2 |     1 ||     4
 Cast: Beastly Appendage |    18 |     6 |     1 ||    25
       Spider Form       |     3 |    24 |    22 ||    49
 Abil: Breathe Dispellin |       |       |     1 ||     1
  Use: Scroll            |     1 |    12 |     4 ||    17
       Potion            |       |       |     2 ||     2
 Stab: Sleeping          |     1 |       |     3 ||     4
  Eat: Chunk             |     1 |    13 |     9 ||    23
       Fruit             |       |       |     2 ||     2
Armor: Skin              |    23 |    12 |    20 ||    55
Dodge: Dodged            |    74 |   131 |   122 ||   327
